 Dungeon Crawl Stone Soup version 0.24-a0-580-g6a6c3f83c1 (webtiles) character file.

Game seed: 18420167471440929547

2389 Electrofox the Grappler (level 9, -1/64 HPs)
             Began as a Pale Draconian Transmuter on Aug 21, 2019.
             Was an Initiate of Sif Muna.
             Slain by a warg (11 damage)
             ... on level 8 of the Dungeon on Aug 22, 2019.
             The game lasted 01:08:26 (9975 turns).

Electrofox the Grappler (Pale Draconian Transmuter) Turns: 9975, Time: 01:08:27

Health: -1/64      AC: 12    Str: 13    XL:     9   Next: 22%
Magic:  14/16      EV: 12    Int: 17    God:    Sif Muna [......]
Gold:   329        SH:  0    Dex: 11    Spells: 7/17 levels left

rFire    . . .     SeeInvis .     - Unarmed
rCold    . . .     Gourm    .   (no shield)
rNeg     . . .     Faith    .   (armour unavailable)
rPois    .         Spirit   .   (helmet restricted)
rElec    .         Reflect  .   (no cloak)
rCorr    .         Harm     .   k - +0 pair of gloves
MR       .....                  (no boots)
Stlth    +.........             (no amulet)
HPRegen  0.20/turn              o - +4 ring of protection
MPRegen  0.15/turn              (no ring)

@: appendage
A: breathe steam, unfitting armour, horns 2, cold-blooded, AC +7
a: Breathe Steam, End Transformation, Renounce Religion


You were on level 8 of the Dungeon.
You worshipped Sif Muna.
Sif Muna was noncommittal.
You were hungry.
You had grown temporary horns.
You visited 1 branch of the dungeon, and saw 8 of its levels.

You collected 329 gold pieces.

Inventory:

Hand Weapons
 b - a +0 hunting sling
Missiles
 a - 126 arrows
 m - 5 atropa-tipped darts (quivered)
 t - 16 sling bullets
Armour
 k - a +0 pair of gloves (worn)
Jewellery
 o - a +4 ring of protection (left hand)
Wands
 w - a wand of polymorph (2)
 x - a wand of paralysis (9)
Scrolls
 e - a scroll of enchant armour {unknown}
 g - 4 scrolls of amnesia
 n - a scroll of fog {unknown}
 p - 2 scrolls of enchant weapon {unknown}
 u - 3 scrolls of teleportation {unknown}
 y - a scroll of fear {unknown}
Potions
 f - a potion of lignification
 h - a potion of ambrosia
 i - a potion of flight
 j - a potion of resistance
 l - 2 potions of mutation
 q - 2 potions of haste
 s - 2 potions of curing {unknown}
Comestibles
 c - 7 rations


   Skills:
 - Level 1.1 Fighting
 - Level 1.7 Dodging
 - Level 9.0 Unarmed Combat
 + Level 4.7 Spellcasting
 + Level 7.1 Transmutations
 * Level 2.1 Ice Magic
 - Level 2.5 Poison Magic


You had 7 spell levels left.
You knew the following spells:

 Your Spells              Type           Power        Failure   Level  Hunger
a - Beastly Appendage     Tmut           ####..       1%          1    None
b - Sticks to Snakes      Tmut           ####....     1%          2    #......
c - Spider Form           Tmut/Pois      ###.......   6%          3    ###....
d - Ice Form              Ice/Tmut       ###.....     22%         4    ####...

Your spell library contained the following spells:

 Spells                   Type           Power        Failure   Level  Hunger
 Flame Tongue             Conj/Fire      #....        14%         1    None
 Throw Flame              Conj/Fire      #.....       22%         2    #......
 Blade Hands              Tmut           ####......   22%         5    ######.
 Conjure Flame            Conj/Fire      #.......     41%         3    ###....
 Inner Flame              Hex/Fire       #.......     41%         3    ###....
 Sticky Flame             Conj/Fire      #.......     82%         4    ####...
 Fireball                 Conj/Fire      #.........   99%         5    ######.


Dungeon Overview and Level Annotations

Branches:
Dungeon (8/15)             Temple (0/1) D:6
   Lair: D:8-11

Altars:
Dithmenos
Elyvilon
Gozag
Makhleb
Nemelex Xobeh
Okawaru
Qazlal
Ru
Sif Muna
Wu Jian
Xom

Shops:
D:7 [

Annotations:
D:3 2 transporters, exclusion: downstairs


Innate Abilities, Weirdness & Mutations

You can breathe blasts of scalding, opaque steam.
Your pale cyan-grey scales are hard. (AC +7)
You cannot fit into any form of body armour.
You are cold-blooded and may be slowed by cold attacks.
You have a pair of horns on your head.


Message History

* * * LOW HITPOINT WARNING * * *
Casting: Beastly Appendage (safe; 1% risk of failure)
Confirm with . or Enter, or press ? or * to list all spells.
You create a snake!
You now have 126 arrows.
The warg barely misses you. The warg bites you!
* * * LOW HITPOINT WARNING * * *
The warg misses you.
Your ball python completely misses the warg.
You hit the warg.
The warg is heavily wounded.
The warg barely misses you.
Your ball python barely misses the warg.
You barely miss the warg.
Your tail-slap misses the warg.
The warg is heavily wounded.
The warg barely misses you.
Your ball python closely misses the warg.
You miss the warg.
The warg is heavily wounded.
The warg bites you!
You die...

#.# #<# #)#
####.# #....#
#.#### #.# #.#
#@#
###.###h#####...
$.......S.......
#.#.......###.#.
....##.##.# ..#
#. .# # .. .#
#.# .# #. .#


You could see a warg and a friendly ball python.

Vanquished Creatures
  Eustachio (D:6)
  Duvessa (D:5)
  An ice beast (D:7)
  3 ogres
  4 centaurs
  A big kobold (D:6)
  Blork the orc (D:6)
  2 bullfrogs
  A wyvern skeleton (D:7)
  Dowan (D:5)
  A scorpion (D:7)
  6 killer bees (D:6)
  2 howler monkeys
  4 crimson imps
  A hound (D:7)
  A jelly (D:8)
  2 bullfrog skeletons
  A centaur skeleton (D:3)
  2 orc wizards
  3 iguanas
  4 worker ants
  7 adders
  A shadow imp (D:5)
  An ooze (D:2)
  3 worms
  2 dart slugs (D:1)
  10 leopard geckos
  15 orcs
  4 giant cockroaches
  4 goblins
  3 hobgoblins
  3 jackals
  8 kobolds
  3 quokkas
  A ball python (D:2)
  8 bats
  3 frilled lizards
  A jackal skeleton (D:4)
  A leopard gecko skeleton (D:4)
  6 rats
127 creatures vanquished.

Vanquished Creatures (collateral kills)
  An ogre (D:5)
  A worker ant (D:4)
2 creatures vanquished.

Grand Total: 129 creatures vanquished

Notes
Turn   | Place    | Note
-------+----------+-------------------------------------------
     0 | D:1      | Electrofox the Draconian Transmuter began the quest for the
                  | Orb.
     0 | D:1      | Reached XP level 1. HP: 16/16 MP: 3/3
   180 | D:1      | Reached XP level 2. HP: 23/23 MP: 5/5
   187 | D:1      | Learned a level 2 spell: Sticks to Snakes
   936 | D:2      | Reached XP level 3. HP: 6/28 MP: 5/7
  1443 | D:2      | Found a sacrificial altar of Ru.
  1495 | D:2      | Found a sparkling altar of Nemelex Xobeh.
  1495 | D:2      | Found an opulent altar of Gozag.
  1501 | D:2      | Reached XP level 4. HP: 35/35 MP: 8/8
  2263 | D:3      | Reached XP level 5. HP: 32/40 MP: 7/9
  2355 | D:3      | Found an ornate altar of the Wu Jian Council.
  2356 | D:3      | Noticed a centaur
  2359 | D:3      | Found a transporter.
  2368 | D:3      | Found a transporter.
  2680 | D:3      | Found a shadowy altar of Dithmenos.
  3227 | D:4      | Reached skill level 5 in Transmutations
  3431 | D:3      | Reached XP level 6. HP: 29/47 MP: 11/11
  3618 | D:4      | Found a stormy altar of Qazlal.
  4135 | D:5      | Entered Level 5 of the Dungeon
  4472 | D:4      | Your scales start taking on a pale cyan-grey colour.
  4472 | D:4      | Reached XP level 7. HP: 17/52 MP: 11/13
  4697 | D:5      | Found a white marble altar of Elyvilon.
  4747 | D:5      | Noticed Duvessa
  4766 | D:5      | Reached skill level 4 in Unarmed Combat
  4941 | D:5      | Noticed Dowan
  5262 | D:5      | Found a burning altar of Makhleb.
  5262 | D:5      | Found a shimmering altar of Xom.
  5262 | D:5      | Found an iron altar of Okawaru.
  5263 | D:5      | Found a shimmering blue altar of Sif Muna.
  5276 | D:5      | Became a worshipper of Sif Muna the Loreminder
  5531 | D:5      | Learned a level 3 spell: Spider Form
  5533 | D:6      | Found a staircase to the Ecumenical Temple.
  5543 | D:6      | Reached skill level 5 in Unarmed Combat
  5543 | D:6      | Reached skill level 1 in Poison Magic
  5719 | D:6      | Noticed Eustachio
  5901 | D:5      | Found an iron altar of Okawaru.
  5901 | D:5      | Found a shimmering blue altar of Sif Muna.
  5901 | D:5      | Found a shimmering altar of Xom.
  5901 | D:5      | Found a burning altar of Makhleb.
  6132 | D:5      | Killed Duvessa
  6295 | D:5      | Killed Dowan
  6384 | D:6      | Reached skill level 6 in Unarmed Combat
  6748 | D:6      | Reached XP level 8. HP: 50/59 MP: 14/14
  6876 | D:6      | Noticed Blork the orc
  7343 | D:6      | Reached skill level 7 in Unarmed Combat
  7359 | D:6      | HP: 3/88 [killer bee (2)]
  7363 | D:6      | HP: 1/88 [poisoned by a killer bee]
  7624 | D:6      | Reached skill level 8 in Unarmed Combat
  7686 | D:6      | HP: 2/59 [white imp[Eustachio] (2)]
  7696 | D:6      | Killed Eustachio
  8048 | D:6      | Killed Blork the orc
  9112 | D:7      | Reached skill level 9 in Unarmed Combat
  9112 | D:7      | Reached XP level 9. HP: 52/64 MP: 15/15
  9118 | D:7      | Learned a level 4 spell: Ice Form
  9349 | D:7      | Reached skill level 1 in Ice Magic
  9622 | D:7      | Found Olohapt's Armour Shoppe.
  9975 | D:8      | Slain by a warg

Levels and vault maps discovered:
D:1:      dpeg_arrival_stone_temple_mockup, layout_basic, minmay_pentomino_x4
D:2:      layout_loops_ring, grunt_temple_overflow_opulence,
          nicolae_ru_path_of_blood
D:3:      layout_basic, gammafunk_temple_overflow_arena,
          overflow_temple_1_default
D:4:      layout_rooms, nicolae_qazlal_general_emergency, first_ration
D:5:      layout_rooms, chequers_temple_overflow_statue_of_worship,
          elyvilon_altar_3, uniq_duvessa
D:6:      layout_basic, minmay_temple_entry_stoned_glass,
          lexackson_kobold_supper, uniq_blork_the_orc, uniq_eustachio
D:7:      layout_cave_pools, serial_shops, kennysheep_little_box
D:8:      layout_loops_cross, erik_lair_orcish_takeover

Skill      XL: |  1  2  3  4  5  6  7  8  9 |
---------------+----------------------------+-----
Transmutations | 3 4 5 6 7 |  7.1
Spellcasting   | 3 4 |  4.7
Unarmed Combat | 6 9 |  9.0
Poison Magic   | 2 |  2.5
Ice Magic      | 2 |  2.1
Fighting       | |  1.1
Dodging        | |  1.7

Action                   |  1- 3 |  4- 6 |  7- 9 || total
-------------------------+-------+-------+-------++-------
Melee: Unarmed           |   116 |   217 |   319 ||   652
       Headbutt          |     5 |    15 |    17 ||    37
       Tailslap          |    11 |    18 |    27 ||    56
       Punch             |     2 |       |    11 ||    13
       Kick              |     1 |    13 |    23 ||    37
 Fire: Hunting sling     |       |    29 |    40 ||    69
Throw: Dart              |       |     2 |    12 ||    14
 Cast: Beastly Appendage |     7 |    25 |    34 ||    66
       Sticks to Snakes  |     1 |     6 |     7 ||    14
       Spider Form       |       |       |     2 ||     2
 Abil: End Transformatio |       |       |     1 ||     1
       Breathe Steam     |       |       |     3 ||     3
  Use: Scroll            |       |     6 |     4 ||    10
       Potion            |       |       |     4 ||     4
  Eat: Chunk             |     2 |     9 |     5 ||    16
       Ration            |       |       |     4 ||     4
Armor: Skin              |    57 |    48 |   130 ||   235
Dodge: Dodged            |    85 |   133 |   297 ||   515

Table legend:
 A = Non-vault XP
 B = Vault XP
 C = Vault XP percentage of total XP
 D = Non-vault monster count
 E = Vault monster count
 F = Vault count percentage of total count
                 A         B        C        D         E       F
            +---------+---------+-------+---------+---------+-------
      Total |    2809 |     604 |  17.7 |     116 |      13 |  10.1
            +---------+---------+-------+---------+---------+-------
        D:1 |      20 |       8 |  28.6 |      12 |       4 |  25.0
        D:2 |     138 |       0 |   0.0 |      27 |       0 |   0.0
        D:3 |     112 |       0 |   0.0 |      16 |       0 |   0.0
        D:4 |     319 |       0 |   0.0 |      17 |       0 |   0.0
        D:5 |     401 |     223 |  35.7 |      13 |       2 |  13.3
        D:6 |     966 |     373 |  27.9 |      17 |       7 |  29.2
        D:7 |     811 |       0 |   0.0 |      13 |       0 |   0.0
        D:8 |      42 |       0 |   0.0 |       1 |       0 |   0.0
            +---------+---------+-------+---------+---------+-------
